 Dungeon Crawl Stone Soup version 0.28.0-43-g3370ac3207 (webtiles) character file.

Game seed: 13806543950926305715

97 pkoi the Skirmisher (level 4, 0/40 HPs)
             Began as a Draconian Monk on Mar 10, 2022.
             Killed from afar by an orc wizard (8 damage)
             ... with a magic dart
             ... on level 3 of the Dungeon.
             The game lasted 00:02:43 (2279 turns).

pkoi the Skirmisher (Draconian Monk)                Turns: 2279, Time: 00:02:44

Health: 0/40       AC:  5    Str: 13 (14) XL:     4   Next: 42%
Magic:  4/4        EV: 12    Int: 10 (12) God:
Gold:   94         SH:  0    Dex: 10 (13) Spells: 3/3 levels left

rFire   . . .      SeeInvis .   g - +1 dagger (venom)
rCold   . . .      Faith    .   (no shield)
rNeg    . . .      Spirit   .   (armour unavailable)
rPois   .          Reflect  .   (helmet restricted)
rElec   .          Harm     .   (no cloak)
rCorr   .          Rampage  .   (no gloves)
Will    .....                   (no boots)
Stlth   +.........              (no amulet)
HPRegen 0.13/turn               (no ring)
MPRegen 0.09/turn               (no ring)

@: confused, lethally poisoned (0 -> -11)
A: AC +5, unfitting armour, cold-blooded
a: no special abilities


You were on level 3 of the Dungeon.
You visited 1 branch of the dungeon, and saw 3 of its levels.

You collected 94 gold pieces.

Inventory:

Hand Weapons
 a - a +0 dagger
 g - a +1 dagger of venom (weapon)
Missiles
 d - a throwing net (quivered)
Magical Staves
 c - a staff of poison
Jewellery
 e - a ring of protection from cold
 k - a +4 ring of slaying
Scrolls
 b - a scroll of vulnerability {unknown}
 f - 2 scrolls of enchant weapon {unknown}
 h - a scroll of fear {unknown}
 j - a scroll of amnesia {unknown}
 l - a scroll of torment {unknown}


   Skills:
 - Level 4.0 Fighting
 - Level 3.0 Dodging
 - Level 3.0 Stealth
 + Level 3.9 Unarmed Combat


You had 3 spell levels left.
You didn't know any spells.
Your spell library was empty.

Dungeon Overview and Level Annotations

Branches:
Dungeon (3/15)

Altars:


Innate Abilities, Weirdness & Mutations

Your plain brown scales are hard. (AC +5)
You cannot fit into any form of body armour.
You are cold-blooded and may be slowed by cold attacks.


Message History

* * * LOW HITPOINT WARNING * * *
You hit the orc wizard.
The orc wizard is poisoned.
Your tail-slap misses the orc wizard.
Your punch misses the orc wizard.
The orc wizard is lightly wounded.
You feel sick.
The orc wizard hits you but does no damage. x2
You are more poisoned.
Unknown command.
It was a potion of degeneration.
There was something very wrong with that liquid.
You feel weakened.
You feel dopey.
You feel clumsy.
You feel very sick. The orc wizard closely misses you.
The orc wizard casts a spell at you.
You are confused.
You miss the orc wizard.
The orc wizard is heavily wounded.
You feel very sick. The orc wizard closely misses you.
The orc wizard hits you but does no damage.
You are lethally poisoned!
Unknown command.
You aren't carrying any potions.
You are too confused!
You hit the orc wizard but do no damage.
The orc wizard looks as sick as possible!
Your tail-slap misses the orc wizard.
The orc wizard is lightly wounded.
* * * LOW HITPOINT WARNING * * *
You feel very sick.
The orc wizard hits you but does no damage.
The orc wizard closely misses you.
You hit the orc wizard.
The orc wizard looks as sick as possible!
The orc wizard is moderately wounded.
* * * LOW HITPOINT WARNING * * *
You feel very sick. The orc wizard closely misses you.
The orc wizard gestures at you while chanting.
The magic dart hits you!
You die...

#.# ...#.# #.#
#####.# #.#
#.# #.# #{#
#.# #.# #.#
#.# #.# #.#
#o#########.##
#.@o.........#
##############


You could see 2 orc wizards.

Vanquished Creatures
  3 gnolls (D:2)
  2 adders (D:2)
  2 dart slugs
  2 orcs (D:3)
  5 endoplasms
  5 giant cockroaches
  5 goblins
  4 hobgoblins
  2 quokkas (D:2)
  2 ball pythons
  5 bats
  A frilled lizard (D:1)
  3 kobolds
41 creatures vanquished.

Notes
Turn   | Place    | Note
-------+----------+-------------------------------------------
     0 | D:1      | pkoi the Draconian Monk began the quest for the Orb.
     0 | D:1      | Reached XP level 1. HP: 19/19 MP: 1/1
   455 | D:1      | Reached XP level 2. HP: 26/26 MP: 2/2
  1166 | D:2      | Reached XP level 3. HP: 33/33 MP: 3/3
  1199 | D:2      | Reached skill level 4 in Fighting
  1356 | D:2      | Reached XP level 4. HP: 18/40 MP: 4/4
  2279 | D:3      | Killed from afar by an orc wizard

Illustrated notes

Levels and vault maps discovered:
D:1:      wheals_arrival_shading, layout_loops_ring
D:2:      minmay_wonky_spiral, layout_basic
D:3:      layout_basic, elyvilon_altar_3, nemelex_spade_bored_becter

Skill      XL: |  1  2  3 |
---------------+----------+-----
Stealth        | 2 3 |  3.0
Dodging        | 3 |  3.0
Fighting       | 4 |  4.0
Unarmed Combat | |  3.9

Action                   |  1- 3 |  4- 6 || total
-------------------------+-------+-------++-------
Melee: Unarmed           |    68 |       ||    68
       Tailslap          |    12 |     3 ||    15
       Punch             |     2 |     1 ||     3
       Dagger            |    42 |    32 ||    74
  Use: Potion            |       |     1 ||     1
 Stab: Sleeping          |     3 |       ||     3
Armor: Skin              |    33 |    14 ||    47
Dodge: Dodged            |    70 |    25 ||    95
